 Dungeon Crawl Stone Soup version 0.18.1-5-g4a78601 (webtiles) character file.

126 shmeve the Skirmisher (level 4, -7/41 HPs)
             Began as a Minotaur Berserker on May 11, 2016.
             Was a Believer of Trog.
             Mangled by a gnoll
             ... wielding a +0 flail
              (13 damage)
             ... on level 3 of the Dungeon.
             The game lasted 00:02:51 (1470 turns).

shmeve the Skirmisher (Minotaur Berserker)          Turns: 1470, Time: 00:02:51

Health: -7/41      AC:  4    Str: 22    XL:     4   Next: 83%
Magic:  3/3        EV: 12    Int:  5    God:    Trog [**....]
Gold:   270        SH:  0    Dex:  9    Spells: 0 memorised, 3 levels left

rFire  . . .     SeeInvis .     a - +0 hand axe
rCold  . . .     Gourm    .     b - +0 animal skin
rNeg   . . .     Faith    .     (no shield)
rPois  .         Spirit   .     (helmet restricted)
rElec  .         Dismiss  .     l - +1 cloak
rCorr  .         Reflect  .     (no gloves)
SustAt .         Harm     .     (no boots)
MR     .....                    (no amulet)
Stlth  +.........               (no ring)
                                (no ring)

@: not resistant to hostile enchantments, very unstealthy
A: retaliatory headbutt, horns 2
a: Berserk, Trog's Hand, Burn Spellbooks, Renounce Religion


You were on level 3 of the Dungeon.
You worshipped Trog.
Trog was pleased with you.
You were not hungry.

You visited 1 branch of the dungeon, and saw 3 of its levels.

You collected 270 gold pieces.

Inventory:

Hand Weapons
 a - a +0 hand axe (weapon)
Armour
 b - a +0 animal skin (worn)
 l - a +1 cloak (worn)
Jewellery
 s - a +5 ring of intelligence {unknown}
Scrolls
 d - 6 scrolls of identify {unknown}
 h - a scroll of teleportation {unknown}
 k - 2 scrolls of remove curse {unknown}
 o - 2 scrolls of recharging {unknown}
 r - 2 scrolls of fear {unknown}
 u - a scroll of random uselessness {unknown}
 v - a scroll of magic mapping {unknown}
 w - 2 scrolls of enchant weapon {unknown}
Potions
 e - 3 potions of mutation {unknown}
 g - a potion of heal wounds {unknown}
 i - a potion of cure mutation {unknown}
 n - a potion of resistance {unknown}
 p - a potion of lignification {unknown}
Comestibles
 c - 2 bread rations
 f - a slice of pizza
 j - 2 meat rations
 m - a chunk of flesh
 q - 5 fruits
 t - a royal jelly


   Skills:
 * Level 4.7 Fighting
 * Level 4.7 Axes
 + Level 1.5 Throwing
 + Level 3.4 Armour
 + Level 2.5 Dodging


You had 3 spell levels left.
You didn't know any spells.

Dungeon Overview and Level Annotations

Branches:
Dungeon (3/15)

Altars:
Ashenzari
Ru


Innate Abilities, Weirdness & Mutations

You reflexively headbutt those who attack you in melee.
You have a pair of horns on your head.


Message History

Unknown command.
You hit the gnoll.
The gnoll is lightly wounded.
You hit the gnoll but do no damage.
The gnoll is almost dead.
The gnoll hits you with a whip!
You hit the gnoll.
The gnoll is moderately wounded.
You barely miss the gnoll.
The gnoll is severely wounded.
The gnoll hits you with a flail!
* * * LOW HITPOINT WARNING * * *
The gnoll hits you with a whip.
* * * LOW HITPOINT WARNING * * *
You hit the gnoll but do no damage.
The gnoll is moderately wounded.
You closely miss the gnoll.
The gnoll is severely wounded.
The gnoll hits you with a flail!
You die...

# ##.##
#........#
# #.#
####.###.#
# #.# #>#
#.# # # #+#
#.###.##(#
#
#........#
#
###...####
# ##.###
###
####...###
..+
+...@g...#
###
###..g..#.#
# #.#...#
.# #
#.#.#.# .#
# #.##..# #
# #+# #.
..# # #.#
## ##. #
#.# # ##.##
###


You could see 2 gnolls.

Vanquished Creatures
  A hound (D:3)
  2 gnolls (D:3)
  2 adders
  An ooze (D:2)
  2 worms (D:2)
  2 dart slugs
  2 giant geckos
  4 giant cockroaches
  4 goblins
  2 hobgoblins (D:1)
  2 quokkas (D:2)
  9 bats
  4 giant newts
  5 kobolds
  5 rats
  A fungus (D:3)
48 creatures vanquished.

Notes
Turn   | Place    | Note
--------------------------------------------------------------
     0 | D:1      | shmeve the Minotaur Berserker began the quest for the Orb.
     0 | D:1      | Reached XP level 1. HP: 19/19 MP: 0/0
   149 | D:1      | Reached XP level 2. HP: 17/27 MP: 1/1
   399 | D:1      | Found a shattered altar of Ashenzari.
   588 | D:2      | Reached ** piety under Trog
   626 | D:2      | Found a sacrificial altar of Ru.
   661 | D:2      | Reached XP level 3. HP: 33/33 MP: 2/2
  1255 | D:3      | Reached skill level 1 in Throwing
  1255 | D:3      | Reached XP level 4. HP: 41/41 MP: 3/3
  1470 | D:3      | Mangled by a gnoll

Skill      XL: |  1  2  3 |
---------------+----------+-----
Fighting       | 4 |  4.7
Axes           | 4 |  4.7
Armour         | 3 |  3.4
Throwing       | 1 |  1.5
Dodging        | |  2.5

Action                   |  1- 3 |  4- 6 || total
-------------------------+-------+-------++-------
Melee: Hand axe          |    70 |    36 ||   106
       Headbutt          |    14 |     8 ||    22
 Stab: Sleeping          |     2 |       ||     2
  Eat: Chunk             |     1 |     1 ||     2
Armor: Animal skin       |    25 |     8 ||    33
Dodge: Dodged            |    65 |    25 ||    90
